Map: Cactus Valley LE (Void)

Players

Namshar - Winner!

  • Race: Zerg Zerg
  • Spawn Location: 7:00

ShoWTimE

  • Race: Protoss Protoss
  • Spawn Location: 11:00

Event: WCS Austin 2017

VOD

Have the link to the VOD?

Description

Time

  • Played on: April 29, 2017, 1:42 p.m.
  • Length: 17:44

All games in this series

Show
View Real Time Build Order
Export as new Build Order

Namshar Zerg - Winner!

Build Orders: Hatch First, Lurkers 

Get SALT Encoding   

  12  0:00  Drone  
  13  0:12  Overlord  
  13  0:17  Drone  
  14  0:30  Drone x2  
  14  0:34  Drone  
  17  0:52  Hatchery  
  17  0:54  Drone  
  17  0:57  Drone  
  18  1:09  Extractor  
  17  1:12  Spawning Pool  
  17  1:15  Drone  
  17  1:19  Drone  
  18  1:27  Drone  
  19  1:38  Overlord  
  19  1:49  Drone  
  20  1:59  Queen  
  20  2:00  Zergling x2  
  23  2:03  Queen  
  23  2:04  Zergling x2  
  26  2:10  Metabolic Boost  
  26  2:11  Drone  
  26  2:14  Drone  
  28  2:22  Zergling x2  
  29  2:35  Drone x2  
  30  2:39  Drone  
  31  2:50  Queen  
  31  2:51  Hatchery  
  32  2:53  Overlord  
  32  2:55  Drone  
  32  2:58  Drone  
  34  3:00  Drone  
  35  3:08  Overlord  
  35  3:12  Drone x3  
  38  3:15  Drone x2  
  38  3:19  Drone  
  41  3:23  Drone x2  
  43  3:28  Queen  
  43  3:31  Drone  
  43  3:32  Drone  
  47  3:40  Drone  
  48  3:44  Overlord  
  48  3:45  Drone  
  49  3:49  Spore Crawler  
  49  3:51  Roach Warren  
  47  3:56  Drone x4  
  47  3:59  Overlord  
  51  4:03  Drone  
  51  4:04  Drone, Spore Crawler  
  52  4:13  Drone  
  52  4:15  Drone x2, Overlord  
  55  4:21  Zergling x4  
  55  4:22  Zergling x8  
  61  4:27  Lair  
  61  4:29  Evolution Chamber  
  60  4:33  Roach x2  
  60  4:34  Roach  
  66  4:38  Overlord  
  66  4:42  Roach  
  67  4:46  Drone, Extractor  
  67  4:47  Zergling x8  
  67  4:49  Drone x2  
  67  4:50  Drone  
  74  4:53  Roach, Zergling x2  
  71  5:08  Roach  
  71  5:09  Queen  
  71  5:10  Drone x6  
  80  5:16  Drone x5  
  80  5:17  Extractor  
  84  5:22  Roach  
  84  5:23  Roach x2  
  84  5:27  Overlord x2  
  90  5:34  Extractor  
  88  5:48  Roach x6  
  98  5:51  Overlord x2  
  98  6:19  Overlord x3  
  98  6:24  Queen  
  98  6:26  Drone x3  
  98  6:29  Drone  
  98  6:30  Extractor  
  98  6:31  Drone x3  
  98  6:32  Drone, Glial Reconstitution  
  104  6:33  Extractor  
  104  6:34  Drone x3, Zerg Missile Weapons Level 1  
  104  6:40  Drone x2  
  104  6:41  Drone, Hydralisk Den  
  106  6:52  Drone x2  
  106  6:53  Drone  
  109  6:55  Spore Crawler  
  109  6:58  Drone  
  109  6:59  Evolution Chamber  
  109  7:00  Baneling Nest  
  107  7:02  Overlord x3  
  107  7:03  Drone x2, Overlord  
  107  7:06  Hatchery  
  108  7:18  Roach x6  
  108  7:22  Ravager x3  
  122  7:23  Ravager x2  
  122  7:27  Overlord  
  122  7:28  Roach  
  122  7:29  Roach x4  
  134  7:34  Ravager  
  134  7:35  Ravager, Overlord  
  134  7:36  Overlord  
  136  7:38  Zerg Melee Weapons Level 1  
  135  7:44  Roach  
  135  7:45  Roach x5  
  135  7:46  Ravager  
  135  7:48  Roach  
  150  7:53  Roach x3  
  154  8:00  Roach x6  
  166  8:08  Queen  
  166  8:10  Overlord x2  
  166  8:12  Muscular Augments  
  168  8:16  Drone x4  
  168  8:19  Drone  
  175  8:22  Drone  
  175  8:23  Drone x2  
  178  8:31  Zerg Missile Weapons Level 2  
  178  8:32  Extractor  
  178  8:33  Extractor  
  178  8:34  Centrifical Hooks  
  175  8:48  Extractor  
  174  8:49  Hatchery  
  174  8:52  Extractor  
  174  8:53  Hydralisk x5  
  174  8:54  Spore Crawler  
  181  8:56  Spine Crawler  
  180  9:07  Pneumatized Carapace  
  180  9:08  Overseer  
  180  9:09  Drone  
  181  9:12  Hatchery  
  180  9:24  Hydralisk x7  
  192  9:34  Hatchery  
  192  9:36  Spine Crawler  
  190  9:48  Hydralisk  
  190  9:49  Hydralisk x4  
  190  9:52  Tunneling Claws  
  194  10:13  Drone  
  194  10:14  Drone x4  
  193  10:38  Hydralisk  
  193  10:39  Hydralisk x2  
  199  11:02  Hydralisk x5  
  200  11:08  Lurker Den, Zerg Melee Weapons Level 2  
  192  11:14  Burrow  
  182  11:21  Hydralisk x9  
  186  11:47  Hydralisk  
  186  11:48  Hydralisk x8  
  186  11:54  Overlord x4  
  190  11:58  Spire  
  189  12:04  Spine Crawler  
  189  12:05  Spore Crawler, Spine Crawler x3  
  189  12:06  Spine Crawler  
  183  12:22  Zerg Ground Armor Level 1  
  183  12:28  Hydralisk x6  
  183  12:29  Hydralisk  
  197  12:43  Hydralisk x2  
  197  12:53  Roach x6  
  197  12:57  Lurker x11  
  197  12:58  Lurker  
  197  13:09  Lurker x2  
  197  13:12  Hatchery  
  198  13:13  Extractor x2  
  198  13:15  Zerg Flyer Weapons Level 1  
  184  13:31  Lurker x3  
  184  13:32  Lurker  
  188  13:35  Hydralisk x2  
  188  13:36  Zergling x16  
  188  13:39  Overseer  
  194  14:09  Baneling x3  
  188  14:14  Lurker x2  
  188  14:15  Hydralisk  
  188  14:16  Hydralisk x7  
  188  14:43  Drone, Spine Crawler  
  188  14:44  Drone x5  
  180  14:58  Drone  
  180  14:59  Drone x2  
  183  15:01  Spore Crawler  
  182  15:08  Zerg Ground Armor Level 2  
  176  15:17  Zergling x14  
  176  15:18  Zergling x6  
  186  15:21  Zerg Flyer Weapons Level 2  
  186  15:27  Spine Crawler  
  177  15:47  Baneling  
  172  16:02  Mutalisk x14  
  194  16:18  Mutalisk  
  194  16:19  Mutalisk x2  
  193  16:33  Mutalisk, Hatchery  
  193  16:34  Mutalisk x3  
  193  16:39  Mutalisk  
  198  16:40  Mutalisk  
  197  16:53  Mutalisk  
  197  16:54  Mutalisk x2  
Show
View Real Time Build Order
Export as new Build Order

ShoWTimE Protoss 

Build Orders: 1 Gate Expand, Zealot Archon, Dark Templar Rush 

Get SALT Encoding   

  12  0:00  Probe (Chrono Boost)  
  13  0:11  Probe (Chrono Boost)  
  14  0:19  Pylon  
  14  0:22  Probe (Chrono Boost)  
  15  0:37  Probe (Chrono Boost)  
  15  0:39  Gateway  
  16  0:46  Assimilator  
  16  0:49  Probe (Chrono Boost)  
  17  0:59  Probe (Chrono Boost)  
  18  1:10  Probe (Chrono Boost)  
  19  1:24  Nexus  
  19  1:25  Zealot  
  21  1:40  Cybernetics Core  
  21  1:44  Probe (Chrono Boost)  
  22  1:50  Pylon  
  22  1:55  Probe (Chrono Boost)  
  22  2:00  Assimilator  
  24  2:09  Probe (Chrono Boost)  
  24  2:12  Adept  
  24  2:16  Warp Gate  
  24  2:21  Probe (Chrono Boost)  
  27  2:33  Probe (Chrono Boost)  
  27  2:36  Probe (Chrono Boost)  
  27  2:39  Twilight Council  
  27  2:42  Stalker  
  27  2:43  Probe (Chrono Boost)  
  28  2:48  Probe (Chrono Boost)  
  31  2:54  Probe (Chrono Boost)  
  32  3:00  Probe (Chrono Boost)  
  32  3:04  Probe (Chrono Boost)  
  34  3:08  Robotics Facility  
  34  3:11  Probe (Chrono Boost)  
  35  3:15  Probe (Chrono Boost)  
  36  3:22  Probe (Chrono Boost)  
  36  3:25  Probe (Chrono Boost)  
  38  3:31  Dark Shrine  
  38  3:32  Probe (Chrono Boost)  
  38  3:33  Gateway  
  39  3:36  Probe (Chrono Boost)  
  40  3:43  Probe (Chrono Boost)  
  40  3:47  Probe (Chrono Boost), Pylon  
  42  3:51  Assimilator, Warp Prism  
  42  3:55  Probe (Chrono Boost)  
  43  3:57  Probe (Chrono Boost)  
  46  4:04  Assimilator  
  46  4:05  Pylon  
  46  4:07  Probe (Chrono Boost)  
  46  4:08  Probe (Chrono Boost)  
  48  4:18  Mothership Core (Chrono Boost)  
  48  4:20  Probe (Chrono Boost)  
  51  4:27  Observer  
  53  4:32  Probe (Chrono Boost)  
  53  4:34  Pylon  
  53  4:36  Probe (Chrono Boost)  
  54  4:44  Probe (Chrono Boost)  
  54  4:45  Nexus  
  55  4:46  Pylon  
  55  4:50  Dark Templar x2  
  59  4:55  Pylon  
  59  4:56  Probe (Chrono Boost)  
  59  4:57  Probe (Chrono Boost)  
  61  5:02  Immortal  
  66  5:07  Probe (Chrono Boost)  
  66  5:09  Probe (Chrono Boost)  
  67  5:19  Archon  
  67  5:21  Probe (Chrono Boost)  
  69  5:22  Probe (Chrono Boost)  
  69  5:24  Dark Templar x2  
  69  5:25  Forge  
  73  5:29  Archon  
  73  5:32  Gateway  
  73  5:35  Probe (Chrono Boost), Gateway  
  75  5:36  Probe (Chrono Boost)  
  75  5:38  Immortal  
  75  5:49  Protoss Ground Weapons Level 1  
  77  5:57  Gateway  
  77  5:58  Gateway  
  78  6:05  Sentry, Charge  
  78  6:06  Probe (Chrono Boost), Sentry  
  78  6:07  Probe (Chrono Boost)  
  83  6:18  Gateway  
  83  6:19  Gateway  
  83  6:25  Immortal  
  82  6:34  Probe x2 (Chrono Boost)  
  82  6:36  Probe (Chrono Boost)  
  85  6:41  Sentry x2  
  85  6:44  Pylon  
  85  6:46  Probe x2 (Chrono Boost)  
  90  6:55  Dark Templar x2  
  90  6:56  Pylon  
  90  7:00  Archon  
  94  7:02  Photon Cannon  
  94  7:06  Pylon  
  94  7:07  Immortal  
  94  7:08  Probe (Chrono Boost)  
  96  7:09  Probe (Chrono Boost)  
  100  7:19  Zealot x3  
  106  7:26  Dark Templar  
  106  7:28  Dark Templar  
  110  7:32  Archon  
  110  7:35  Pylon  
  110  7:39  Zealot x4  
  110  7:40  Zealot  
  110  7:44  Zealot  
  122  7:49  Protoss Ground Weapons Level 2  
  122  7:52  Pylon  
  122  7:53  Immortal  
  122  7:54  Pylon  
  127  8:06  Assimilator, Probe x3 (Chrono Boost)  
  127  8:09  Templar Archives  
  127  8:11  Assimilator  
  127  8:18  Probe x2 (Chrono Boost)  
  129  8:22  Photon Cannon  
  129  8:23  Robotics Facility  
  129  8:26  Zealot x8  
  145  8:33  Pylon  
  145  8:36  Pylon  
  145  8:37  Immortal  
  145  8:38  Pylon  
  149  8:51  Psionic Storm  
  143  8:57  Photon Cannon  
  143  8:58  High Templar  
  143  8:59  Zealot x2, Gateway  
  145  9:13  Zealot x5  
  155  9:17  Immortal  
  155  9:21  Pylon  
  145  9:32  High Templar x2  
  145  9:36  High Templar  
  145  9:37  Immortal  
  153  9:42  Probe (Chrono Boost)  
  154  9:51  Immortal, Photon Cannon  
  154  9:53  Pylon x2  
  156  10:03  High Templar x2  
  158  10:11  Probe (Chrono Boost)  
  159  10:17  Nexus  
  159  10:20  Pylon  
  157  10:25  Zealot x5  
  165  10:30  Immortal  
  159  10:40  Pylon, Photon Cannon  
  159  10:42  High Templar  
  161  10:44  Photon Cannon  
  160  10:51  Zealot x4  
  160  10:55  Dark Templar  
  163  11:05  Nexus  
  161  11:11  Stalker  
  161  11:12  Stalker  
  161  11:16  Pylon  
  161  11:18  Pylon  
  163  11:20  Pylon  
  163  11:23  Pylon  
  157  11:26  Protoss Ground Weapons Level 3  
  157  11:32  Pylon  
  157  11:34  Pylon  
  151  11:51  Zealot x7  
  151  11:53  Observer  
  165  11:59  Warp Prism  
  168  12:11  Nexus  
  168  12:14  Zealot  
  170  12:22  High Templar  
  170  12:23  High Templar x3  
  170  12:24  High Templar x2  
  170  12:27  Archon x2  
  170  12:28  Archon  
  182  12:31  Zealot x2  
  182  12:35  Zealot  
  184  12:43  Photon Cannon  
  184  12:44  Observer  
  179  12:58  Zealot x4  
  183  13:03  Robotics Bay  
  183  13:05  High Templar x2  
  191  13:06  Observer, Pylon  
  192  13:24  Zealot x5  
  195  13:34  Photon Cannon  
  195  13:37  Photon Cannon  
  195  13:39  Assimilator  
  195  13:42  Photon Cannon  
  195  13:43  Pylon  
  195  13:44  Pylon  
  195  13:53  Disruptor  
  195  13:58  Disruptor  
  196  14:17  Protoss Ground Armor Level 1  
  192  14:19  Stargate  
  192  14:20  Zealot x4  
  192  14:40  Disruptor  
  182  14:55  Pylon  
  182  15:11  Pylon  
  182  15:12  Oracle  
  185  15:17  Pylon  
  185  15:18  Pylon  
  185  15:21  Fleet Beacon  
  185  15:23  Stargate  
  185  15:25  Disruptor, Stargate, Dark Templar x2  
  179  15:45  Assimilator  
  175  15:52  Nexus  
  175  15:54  Pylon  
  175  15:57  Assimilator  
  175  16:01  Assimilator  
  175  16:03  Disruptor  
  178  16:06  Tempest  
  178  16:10  Tempest  
  181  16:34  Tempest  
  174  16:55  Nexus  
Tags
 
Add a new tag
Caveats
  • Supply blocks, unpowered buildings, or Contaminate may cause inaccurate times.
  • Supply counts are checked every 10 seconds.